AoeStats
← xr0015

Nomad

510207831Analyzed
4v4 RM · 2d ago on Sep 30, 2026· 45m 21s· 8 players
Game mode
Random Map
Map size
231×231
Population
200
Speed
Normal
Resources
Standard
Victory
Conquest
Starting age
Dark Age
Ending age
Imperial Age
RankedLock teamsTeams togetherTeam positionsShared explorationLock speedFull tech treeHidden civsTurbo modeCheats
Victory
Defeat
🇬🇧 Italians · United Kingdom
1028
+16
🇧🇷 Persians · Brazil
1025
+16
🇦🇹 Chinese · Austria
1020
+16
🇩🇪 Malay · Germany
989
+17
🇨🇱 Khmer · Chile
1070
-19
🇺🇸 Celts · United States
1045
-17
🇧🇷 Romans · Brazil
993
-15
🇵🇪 Persians · Peru
974
-14
lord_joshi
3:46 Loom
15:19 Feudal Age
16:05 Double-Bit Axe
17:19 Wheelbarrow
16:36 Fletching
24:43 Padded Archer Armor
24:37 Horse Collar
36:48 Castle Age
36:24 Scale Mail Armor
37:27 Bodkin Arrow
36:53 Crossbowman
38:13 Thumb Ring
40:08 Gold Mining
40:08 Stone Mining
40:29 Heavy Plow
40:40 Bow Saw
40:50 Great Wall
42:09 Leather Archer Armor
42:34 Hand Cart
42:05 Town Watch
42:28 Squires
42:15 Arson
42:47 Chain Mail Armor
42:42 Forging
46:04 Ballistics
PezMaza
3:37 Loom
5:21 Loom
7:53 Loom
16:04 Feudal Age
16:48 Wheelbarrow
22:42 Castle Age
21:50 Double-Bit Axe
22:44 Padded Archer Armor
23:13 Town Watch
24:39 Hand Cart
25:59 Demolition Ship
27:18 Fletching
29:33 Bodkin Arrow
34:15 Ballistics
33:42 Treadmill Crane
35:39 Forging
35:45 Leather Archer Armor
35:36 Scale Barding Armor
41:10 Imperial Age
41:20 Iron Casting
40:45 Bracer
42:58 Capped Ram
Big Albatroz
5:33 Loom
14:48 Feudal Age
19:10 Castle Age
18:09 Stone Mining
18:13 Double-Bit Axe
20:50 Fletching
21:16 Bow Saw
43:10 Wheelbarrow
Narcoxs
16:13 Feudal Age
14:43 Loom
20:36 Castle Age
20:10 Double-Bit Axe
21:00 Scale Barding Armor
21:06 Forging
20:59 Horse Collar
23:19 Wheelbarrow
23:05 Fishing Lines
26:32 Murder Holes
26:39 Fletching
33:24 Hand Cart
33:08 Bodkin Arrow
33:14 Padded Archer Armor
34:33 Heavy Plow
34:45 Bow Saw
37:40 Imperial Age
38:19 Leather Archer Armor
38:33 Thumb Ring
38:40 Pikeman
41:21 Ring Archer Armor
42:26 Bracer
42:47 Chain Barding Armor
42:46 Gillnets
44:31 Husbandry
45:08 Bloodlines
45:52 Conscription
45:06 Cavalier
ancientlasers
6:54 Loom
14:31 Feudal Age
15:52 Wheelbarrow
21:49 Castle Age
19:21 Man-at-Arms
22:05 Double-Bit Axe
24:01 Gambesons
24:02 Arson
25:18 Long Swordsman
32:25 Imperial Age
34:22 Forging
33:42 Pikeman
34:38 Scale Mail Armor
37:46 Halberdier
39:28 Conscription
39:16 Two-Handed Swordsman
40:48 Capped Ram
40:57 Champion
43:58 Iron Casting
YONG
5:02 Loom
14:06 Feudal Age
19:06 Castle Age
19:44 Wheelbarrow
20:53 Double-Bit Axe
30:33 Padded Archer Armor
30:24 Fletching
30:53 Hand Cart
31:46 Stone Mining
31:48 Gold Mining
32:43 Bow Saw
40:54 Leather Archer Armor
40:45 Scale Barding Armor
40:50 Forging
41:40 Stone Shaft Mining
41:42 Gold Shaft Mining
42:54 Husbandry
43:06 Bloodlines
43:19 Chain Barding Armor
Cucharita
5:49 Loom
15:32 Feudal Age
17:56 Double-Bit Axe
24:08 Castle Age
22:03 Gold Mining
22:00 Horse Collar
28:25 Wheelbarrow
28:49 Scale Barding Armor
30:01 Bow Saw
30:21 Hand Cart
32:20 Chain Barding Armor
33:56 Husbandry
34:10 Bloodlines
36:06 Forging
40:48 Imperial Age
xr0015
7:45 Loom
7:53 Loom
15:11 Feudal Age
15:24 Man-at-Arms
17:54 Scale Mail Armor
19:54 Forging
23:34 Fletching
26:27 Gold Mining
Connection lost

Rejoining the realm…

Still unreachable

The connection could not be restored.

Session expired

The server has moved on; the page needs a fresh start.